 Dungeon Crawl Stone Soup version 0.26.1-11-gd32895ea62 (webtiles) character file.

Game seed: 6908486610394909756

13518 Almogavar the Covert (level 12, -12/64 HPs)
             Began as a Kobold Conjurer on June 15, 2021.
             Was a Believer of Nemelex Xobeh.
             Shot with a bolt by an orc knight (31 damage)
             ... on level 2 of the Orcish Mines.
             The game lasted 00:52:56 (15554 turns).

Almogavar the Covert (Kobold Conjurer)             Turns: 15554, Time: 00:52:57

Health: -12/64     AC:  7    Str:  6    XL:     12   Next: 33%
Magic:  21/25      EV: 18    Int: 29    God:    Nemelex Xobeh [**....]
Gold:   1286       SH:  0    Dex: 13    Spells: 23/30 levels left

rFire    . . .     SeeInvis .   h - +0 dagger (venom)
rCold    . . .     Faith    .   (shield restricted)
rNeg     . . .     Spirit   .   l - +0 robe {Archmagi}
rPois    .         Reflect  .   (no helmet)
rElec    .         Harm     .   q - +0 cloak
rCorr    .         Rampage  .   J - +2 pair of gloves
Will     .....                  S - +0 pair of boots
Stlth    ++++++....             I - amulet of magic regeneration
HPRegen  0.20/turn              s - +6 ring of intelligence
MPRegen  0.44/turn              A - ring of wizardry

@: no status effects
A: small, nightstalker 3
a: Renounce Religion, Draw Escape, Draw Destruction, Draw Summoning


You were on level 2 of the Orcish Mines.
You worshipped Nemelex Xobeh.
Nemelex Xobeh was pleased with you.
You visited 3 branches of the dungeon, and saw 13 of its levels.

You collected 1319 gold pieces.
You spent 33 gold pieces at shops.

Inventory:

Hand Weapons
 h - a +0 dagger of venom (weapon)
 w - a +2 falchion of flaming
Armour
 j - +0 steam dragon scales
 l - a +0 robe of the Archmagi (worn)
 q - a +0 cloak (worn)
 u - a +2 robe of cold resistance
 y - a +1 robe of willpower
 B - a +2 scale mail of cold resistance
 D - the +3 ring mail "Moruifez" {rC- Int+8 Dex-2 Stlth+}
   (You took it off an orc on level 6 of the Dungeon)

   It affects your intelligence (+8).
   It affects your dexterity (-2).
   It makes you vulnerable to cold.
   It makes you more stealthy.
 J - a +2 pair of gloves (worn)
 K - the +1 ring mail of the Equator {SInv, unknown}
   (You found it on level 8 of the Dungeon)

   It lets you see invisible.
 M - a cursed +0 chain mail
 O - a +0 kite shield
 S - a +0 pair of boots (worn)
Jewellery
 s - a +6 ring of intelligence (left hand)
 A - a ring of wizardry (right hand)
 G - an uncursed ring of resist corrosion
 I - an amulet of magic regeneration (around neck)
 P - an uncursed amulet of the acrobat
Wands
 k - a wand of polymorph (6)
 v - a wand of acid (24)
 x - a wand of digging (5)
 N - a wand of flame (20)
 Q - a wand of paralysis (12)
 R - a wand of iceblast (14)
 U - a wand of random effects (19)
Scrolls
 a - 3 scrolls of remove curse
 c - 2 scrolls of fog
 e - 3 scrolls of magic mapping
 f - 3 scrolls of amnesia
 g - 7 scrolls of teleportation
 i - a scroll of blinking
 m - 4 scrolls of fear
 r - a scroll of summoning
 C - 2 scrolls of enchant armour
 L - 2 scrolls of enchant weapon {unknown}
Potions
 b - 2 potions of cancellation
 d - 3 potions of lignification
 n - 3 potions of heal wounds
 o - 2 potions of curing
 p - 2 potions of brilliance
 t - 2 potions of haste
 z - a potion of resistance
 E - 2 potions of berserk rage {unknown}
 F - a potion of might {unknown}
 H - 2 potions of attraction {unknown}


   Skills:
 + Level 2.9 Fighting
 + Level 5.9 Short Blades
 - Level 1.7 Armour
 + Level 7.0 Dodging
 + Level 12.5 Stealth
 + Level 9.7 Spellcasting
 + Level 10.8 Conjurations
 + Level 5.6 Translocations


You had 23 spell levels left.
You knew the following spells:

 Your Spells              Type           Power        Failure   Level
a - Magic Dart            Conj           100%         1%          1
b - Searing Ray           Conj           100%         1%          2
c - Iskenderun's Mystic   Conj/Tloc      75%          1%          4

Your spell library contained the following spells:

 Spells                   Type           Power        Failure   Level
 Animate Skeleton         Necr           42%          1%          1
 Apportation              Tloc           100%         1%          1
 Corona                   Hex            23%          1%          1
 Freeze                   Ice            84%          1%          1
 Sandblast                Erth           42%          1%          1
 Summon Small Mammal      Summ           84%          1%          1
 Blink                    Tloc           N/A          1%          2
 Conjure Flame            Conj/Fire      62%          1%          3
 Dazzling Flash           Conj/Hex       100%         1%          3
 Mephitic Cloud           Conj/Pois/Air  51%          1%          3
 Stone Arrow              Conj/Erth      100%         1%          3
 Fulminant Prism          Conj/Hex       31%          1%          4
 Hailstorm                Conj/Ice       62%          1%          4
 Call Imp                 Summ           21%          2%          2
 Passwall                 Tmut/Erth      17%          2%          2
 Slow                     Hex            21%          2%          2
 Frozen Ramparts          Ice            42%          4%          3
 Ozocubu's Armour         Ice            21%          4%          3
 Petrify                  Tmut/Erth      21%          16%         4
 Summon Ice Beast         Ice/Summ       21%          16%         4
 Lee's Rapid Deconstruct  Erth           10%          38%         5


Dungeon Overview and Level Annotations

Branches:
Dungeon (10/15)            Temple (1/1) D:7             Orc (2/2) D:10
    Elf (0/3) Orc:2
   Lair: D:8-11

Altars:
Ashenzari
Cheibriados
Dithmenos
Elyvilon
Fedhas
Gozag
Hepliaklqana
Kikubaaqudgha
Makhleb
Nemelex Xobeh
Okawaru
Qazlal
Ru
Sif Muna
Trog
Uskayaw
Vehumet
Wu Jian
Xom
Yredelemnul
Zin
The Shining One

Shops:
D:5 (!   D:9 [:=   Orc:1 (

Annotations:
D:9 exclusion: statue


Innate Abilities, Weirdness & Mutations

You are small and have problems with some larger weapons.
You are completely attuned to the shadows.


Message History

The orc warrior shouts!
The orc warrior unwields a +0 great mace.
The orc warrior wields a +4 arbalest.
The orc warrior shoots a bolt.
The bolt completely misses you.
The orc knight shoots a bolt.
The bolt hits you!!
The searing ray hits the orc knight.
The orc knight is moderately wounded.
The orc warrior shoots a bolt.
The bolt misses you.
The searing ray hits the orc knight!
The orc knight is heavily wounded.
The searing ray hits the orc knight!
The orc knight is heavily wounded.
You finish channeling your searing ray.
The orc knight shoots a bolt.
The bolt hits you!!
* * * LOW HITPOINT WARNING * * *
As you read the scroll of fog, it crumbles to dust.
The scroll dissolves into smoke.
The orc knight shoots a bolt.
The bolt hits you!!
You die...
Your body glows slightly and disappears.

### #.....( ##.##
....... #...#
....... ##.##
....... ##.##
........ #......
#..)###)#.....
.......
####.###§#.§.o...
.......
##>##.##.§§§§......
......# #....).#
#@§§..... .......
##..#).#####o§.....
.......
#.......###.§.....
.......
##.......#...)....
.......
#......###)......
.......
##.....()....#...
......
##...(.....#....
.....
#.............. #..
##...........
.....#..


You could see an orc knight and an orc warrior.

Vanquished Creatures
  2 two-headed ogres (Orc:1)
  Sonja (D:10)
  4 orc knights
  Joseph (D:7)
  Maurice (D:10)
  Grinder (D:5)
  A hornet (D:10)
  5 yaks (D:10)
  Grum (D:8)
  3 steam dragons
  Menkaure (D:5)
  A hornet zombie (D:8)
  25 orc warriors
  2 phantoms
  4 sky beasts
  A black bear (D:9)
  2 ice beasts
  8 ogres
  A necrophage (D:8)
  6 centaurs
  Blork the orc (D:4)
  4 gnoll sergeants (D:8)
  A wyvern zombie (D:9)
  3 bullfrogs
  A wyvern skeleton (D:9)
  4 scorpions
  An electric eel (D:8)
  2 bullfrog zombies
  3 centaur zombies
  A centaur skeleton (D:6)
  13 orc wizards
  A bullfrog skeleton (D:10)
  8 orc priests
  2 gnoll shamans
  14 hounds
  2 jellies (D:9)
  Jessica (D:2)
  9 worker ants
  An iguana (D:8)
  A hound zombie (D:8)
  2 worker ant zombies
  A howler monkey skeleton (D:6)
  10 adders
  21 gnolls
  A shadow imp (D:7)
  4 white imps
  3 ufetubi
  An ooze (D:3)
  An adder zombie (D:8)
  2 worms
  7 dart slugs
  2 leopard geckos
  71 orcs
  5 giant cockroaches
  11 hobgoblins
  8 jackals
  4 kobolds
  2 quokkas
  6 bats
  7 frilled lizards
  8 goblins
  A leopard gecko skeleton (D:8)
  A quokka skeleton (D:3)
  A quokka zombie (D:5)
  8 rats
332 creatures vanquished.

Vanquished Creatures (others)
  15 fungi (D:6)
15 creatures vanquished.

Grand Total: 347 creatures vanquished

Notes
Turn   | Place    | Note
-------+----------+-------------------------------------------
     0 | D:1      | Almogavar the Kobold Conjurer began the quest for the Orb.
     0 | D:1      | Reached XP level 1. HP: 10/10 MP: 3/3
   142 | D:1      | Reached XP level 2. HP: 15/15 MP: 0/5
   145 | D:1      | Learned a level 2 spell: Searing Ray
   634 | D:1      | Reached XP level 3. HP: 19/19 MP: 6/6
  1268 | D:2      | Reached skill level 3 in Stealth
  1561 | D:2      | Noticed Jessica
  1563 | D:2      | Killed Jessica
  1564 | D:2      | Reached skill level 1 in Short Blades
  1564 | D:2      | Reached skill level 5 in Conjurations
  1564 | D:2      | Reached XP level 4. HP: 16/24 MP: 3/7
  2441 | D:3      | Reached XP level 5. HP: 28/28 MP: 8/8
  2441 | D:3      | Found a shadowy altar of Dithmenos.
  2489 | D:3      | Reached skill level 4 in Stealth
  3571 | D:4      | Reached skill level 5 in Stealth
  3573 | D:4      | Reached XP level 6. HP: 33/33 MP: 4/10
  3897 | D:4      | Noticed an ogre
  3900 | D:4      | Killed an ogre
  3901 | D:4      | Reached skill level 6 in Stealth
  3987 | D:4      | Reached skill level 1 in Armour
  3987 | D:4      | Reached XP level 7. HP: 37/37 MP: 11/11
  4397 | D:4      | Learned a level 4 spell: Iskenderun's Mystic Blast
  4445 | D:4      | Noticed Blork the orc
  4451 | D:4      | Killed Blork the orc
  4476 | D:4      | Reached skill level 1 in Fighting
  4505 | D:4      | Reached skill level 7 in Stealth
  4863 | D:4      | Found a blossoming altar of Fedhas.
  4894 | D:5      | Entered Level 5 of the Dungeon
  4903 | D:5      | Found Uhaph's Distillery.
  4918 | D:5      | Bought a potion of curing for 33 gold pieces
  4933 | D:5      | Reached XP level 8. HP: 43/43 MP: 4/13
  5148 | D:5      | Reached skill level 1 in Translocations
  5449 | D:5      | Noticed Menkaure
  5531 | D:4      | Reached skill level 8 in Stealth
  6061 | D:5      | Killed Menkaure
  6433 | D:5      | Found Plog's Weapon Boutique.
  6525 | D:5      | Noticed Grinder
  6529 | D:5      | Killed Grinder
  6530 | D:5      | Reached XP level 9. HP: 48/48 MP: 8/15
  7055 | D:6      | Reached skill level 9 in Stealth
  7781 | D:6      | Reached skill level 5 in Spellcasting
  8194 | D:6      | Identified the +3 ring mail "Moruifez" {rC- Int+8 Dex-2
                  | Stlth+}
  8235 | D:6      | Identified the +9 whip of the Key {vorpal, *Rage Int+4
                  | Dex+4 Stlth+}
  8237 | D:6      | Reached skill level 10 in Stealth
  8328 | D:6      | Found a burning altar of Makhleb.
  8427 | D:6      | Reached XP level 10. HP: 53/53 MP: 14/18
  8873 | D:7      | Noticed Joseph
  8879 | D:7      | Killed Joseph
  8880 | D:7      | Reached skill level 5 in Dodging
  8909 | D:7      | Reached skill level 11 in Stealth
  8956 | D:7      | Found a staircase to the Ecumenical Temple.
  8978 | Temple   | Entered the Ecumenical Temple
  9047 | Temple   | Became a worshipper of Nemelex Xobeh the Trickster
 10130 | D:8      | Got a faintly humming ring mail
 10364 | D:8      | Noticed Grum
 10371 | D:8      | Killed Grum
 10515 | D:8      | Reached skill level 5 in Short Blades
 10646 | D:8      | Reached * piety under Nemelex Xobeh
 11013 | D:9      | Received a gift from Nemelex Xobeh
 11014 | D:9      | Found Hitt's Book Emporium.
 11080 | D:9      | Found Dukhoer's Antique Armour Emporium.
 11396 | D:9      | Reached XP level 11. HP: 58/58 MP: 21/21
 11434 | D:9      | Found Feuch's Jewellery Shop.
 11585 | D:9      | Found a bloodstained altar of Trog.
 11694 | D:9      | Found a radiant altar of Vehumet.
 11730 | D:10     | Entered Level 10 of the Dungeon
 11965 | D:10     | Noticed Sonja
 11969 | D:10     | Killed Sonja
 12142 | D:10     | Reached ** piety under Nemelex Xobeh
 12182 | D:10     | Found a staircase to the Orcish Mines.
 12589 | D:10     | Noticed Maurice
 12595 | D:10     | Killed Maurice
 12940 | Orc:1    | Entered Level 1 of the Orcish Mines
 13000 | Orc:1    | Noticed a two-headed ogre
 13007 | Orc:1    | Killed a two-headed ogre
 13008 | Orc:1    | Reached skill level 12 in Stealth
 13008 | Orc:1    | Reached skill level 10 in Conjurations
 13107 | Orc:1    | Noticed a two-headed ogre
 13159 | Orc:1    | Killed a two-headed ogre
 13385 | Orc:1    | Found Miapp's Weapon Shop.
 13589 | Orc:2    | Entered Level 2 of the Orcish Mines
 13616 | Orc:2    | Noticed an orc knight
 13766 | Orc:1    | Killed an orc knight
 13931 | Orc:2    | Reached skill level 5 in Translocations
 14171 | Orc:2    | Noticed an orc knight
 14181 | Orc:2    | Killed an orc knight
 14182 | Orc:2    | Reached XP level 12. HP: 63/64 MP: 0/25
 14843 | Orc:2    | HP: 2/64 [orc knight/bolt (24)]
 15217 | Orc:2    | Found a staircase to the Elven Halls.
 15554 | Orc:2    | Shot with a bolt by an orc knight

Illustrated notes

Levels and vault maps discovered:
D:1:      wander_arrival_desolate, layout_basic
D:2:      layout_rooms, uniq_jessica
D:3:      layout_basic, nicolae_dithmenos_shadow_blocks
D:4:      minmay_general_purpose_star, layout_loops_ring, fedhas_ov_isle_minmay,
          uniq_blork_the_orc
D:5:      layout_cave_pools, serial_shops, kennysheep_mini_moat,
          nicolae_shop_crystal, uniq_menkaure, uniq_grinder
D:6:      kennysheep_steamy, layout_cave_pools, bloody_makhleb
D:7:      layout_cave_pools, minmay_temple_entry_statues_pillars, uniq_joseph
D:8:      layout_cave_pools, serial_gnoll_camp, gnoll_camp_huts_moat,
          gnoll_camp_mini_hut, gnoll_camp_mini_house, grums_kennel
D:9:      layout_cross, marbit_many_paths, vehumet_statue, serial_shops, shop,
          nicolae_shop_overgrown_old_shop, shop
D:10:     layout_irregular_city, orc_0_dummy, uniq_maurice, uniq_sonja
Temple:   minmay_crystal_spiral_temple
Orc:1:    layout_caves, basic_altar, serial_shops, shop
Orc:2:    st_orc_rangers, layout_caves

Skill      XL: |  1  2  3  4  5  6  7  8  9 10 11 12 |
---------------+-------------------------------------+-----
Stealth        | 3 5 6 7 8 10 11 12 | 12.5
Short Blades   | 1 2 3 4 5 |  5.9
Conjurations   | 5 6 7 9 10 | 10.8
Spellcasting   | 3 4 5 7 9 |  9.7
Armour         | 1 |  1.7
Dodging        | 3 4 5 6 7 |  7.0
Fighting       | 1 2 |  2.9
Translocations | 2 4 5 |  5.6

Action                   |  1- 3 |  4- 6 |  7- 9 | 10-12 || total
-------------------------+-------+-------+-------+-------++-------
Melee: Dagger            |    18 |    20 |    34 |    30 ||   102
 Cast: Magic Dart        |    13 |     1 |       |     3 ||    17
       Searing Ray       |     9 |    32 |    68 |   173 ||   282
       Iskenderun's Myst |       |       |     1 |    22 ||    23
Invok: Draw Destruction  |       |       |       |     1 ||     1
  Use: Scroll            |     5 |     3 |     3 |    10 ||    21
 Stab: Sleeping          |     7 |    10 |    12 |    16 ||    45
Armor: Robe              |     3 |     2 |     8 |    12 ||    25
       Leather armour    |       |     2 |       |       ||     2
Dodge: Dodged            |    18 |    16 |    71 |   116 ||   221
